Map: Cerulean Fall LE

Players

Piroxiljin - Winner!

  • Race: Terran Terran
  • Spawn Location: 7:00

VOD

Have the link to the VOD?

Description

Time

  • Played on: Jan. 19, 2019, 7:12 a.m.
  • Length: 5:23
Show
View Real Time Build Order
Export as new Build Order

Piroxiljin Terran - Winner!

Build Orders:  

Get SALT Encoding   

  12  0:04  SCV  
  12  0:18  SCV  
  12  0:20  Supply Depot  
  12  0:27  Refinery  
  12  0:30  SCV  
  12  0:42  SCV  
  12  0:52  Barracks  
  12  0:55  SCV  
  12  1:02  Refinery  
  12  1:07  SCV  
  12  1:20  SCV  
  12  1:32  SCV  
  12  1:45  Barracks Tech Lab  
  12  1:46  Supply Depot  
  12  1:48  SCV  
  12  2:00  Orbital Command  
  12  2:07  Marauder  
  12  2:15  Factory  
  12  2:28  SCV  
  12  2:29  Marauder  
  12  2:44  SCV  
  12  2:49  Marine  
  12  2:54  Supply Depot  
  12  2:56  SCV, Supply Depot  
  12  2:57  Supply Depot  
  12  3:19  Siege Tank  
  12  3:20  Barracks Tech Lab  
  12  3:31  Factory, SCV  
  12  3:45  Command Center  
  12  3:46  SCV  
  12  3:53  Marauder  
  12  3:56  Concussive Shells  
  12  4:04  SCV  
  12  4:25  Armory  
  12  5:14  Barracks Tech Lab  
Tags
 
Add a new tag
Caveats
  • Supply blocks, unpowered buildings, or Contaminate may cause inaccurate times.
  • Supply counts are checked every 10 seconds.